 Dungeon Crawl Stone Soup version 0.30-a0-857-gcaf70739d4 (webtiles) character file.

Game seed: 8989746890422596715

23 112233 the Conjurer (level 2, -1/19 HPs)
             Began as a Demonspawn Conjurer on Mar 5, 2023.
             Slain by a gnoll
             ... wielding a +0 whip of electrocution
              (5 damage)
             ... on level 3 of the Dungeon.
             The game lasted 00:00:41 (1026 turns).

112233 the Conjurer (Demonspawn Conjurer)           Turns: 1026, Time: 00:00:41

Health: -1/19      AC:  5    Str:  7    XL:     2   Next: 75%
Magic:  3/6        EV: 12    Int: 19    God:
Gold:   40         SH:  0    Dex: 11    Spells: 6/7 levels left

rFire   . . .      SeeInvis .    (no weapon)
rCold   . . .      Faith    .    (no shield)
rNeg    . . .      Spirit   .    a - +0 robe
rPois   .          Reflect  .    (no helmet)
rElec   .          Rampage  .    (no cloak)
rCorr   .                        (no gloves)
Will    .....                    c - +0 pair of boots
Stlth   ++                       (no amulet)
HPRegen 0.23/turn                (no ring)
MPRegen 0.10/turn                (no ring)

@: attractive
A: slimy green scales 1
a: no special abilities


You were on level 3 of the Dungeon.
You visited 1 branch of the dungeon, and saw 3 of its levels.

You collected 40 gold pieces.

Inventory:

Armour
 a - a +0 robe (worn)
 c - a +0 pair of boots (worn)
Scrolls
 d - a scroll of teleportation {unknown}
 f - a scroll of identify {unknown}
 g - a scroll of blinking {unknown}
Potions
 b - a potion of magic
 e - a potion of attraction
 h - a potion of curing {unknown}


   Skills:
 - Level 1.8 Dodging
 - Level 1.8 Stealth
 + Level 3.1 Spellcasting
 - Level 4.0 Conjurations


You had 6 spell levels left.
You knew the following spells:

 Your Spells              Type           Power      Damage    Failure   Level
a - Magic Dart            Conj           72%        1d6       3%          1

Your spell library contained the following spells:

 Spells                   Type           Power      Damage    Failure   Level
 Searing Ray              Conj           36%        2d5       4%          2
 Dazzling Flash           Conj/Hex       20%        N/A       21%         3
 Fulminant Prism          Conj/Hex       5%         3d6       54%         4
 Iskenderun's Mystic Bla  Conj/Tloc      10%        2d4       54%         4


Dungeon Overview and Level Annotations

Branches:
Dungeon (3/15)

Altars:


Innate Abilities, Weirdness & Mutations

You are partially covered in slimy green scales. (AC +2)


Message History

Aim: a gnoll, wielding a +0 whip of electrocution (moderately wounded, 100% to hit)
The magic dart hits the gnoll.
The gnoll is heavily wounded.
The gnoll shouts!
A rat comes into view.
There are monsters nearby!
Casting: Magic Dart (safe; 3% risk of failure)
Confirm with . or Enter, or press ? or * to list all spells.
Aiming: Magic Dart (safe; 3% risk of failure)
Press: ? - help, Shift-Dir - straight line, f/p - gnoll
Aim: a gnoll, wielding a +0 whip of electrocution (heavily wounded, 100% to hit)
The magic dart hits the gnoll.
The gnoll is severely wounded.
A giant cockroach comes into view.
There are monsters nearby!
Casting: Magic Dart (safe; 3% risk of failure)
Confirm with . or Enter, or press ? or * to list all spells.
Aiming: Magic Dart (safe; 3% risk of failure)
Press: ? - help, Shift-Dir - straight line, f/p - gnoll
Aim: a gnoll, wielding a +0 whip of electrocution (severely wounded, 100% to hit)
The magic dart hits the gnoll.
The gnoll is severely wounded.
A gnoll comes into view. It is wielding a +0 spear.
There are monsters nearby!
The gnoll attacks as you move away!
The gnoll hits you with a +0 whip of electrocution.
Found 11 gold pieces.
The gnoll attacks as you move away!
The gnoll hits you with a +0 whip of electrocution.
There is a stone staircase leading down here.
The gnoll hits you with a +0 whip of electrocution.
* * * LOW HITPOINT WARNING * * *
You climb downwards.
Found a stone staircase leading down.
There is a stone staircase leading up here.
Unknown command.
It was a potion of attraction.
You feel attractive to monsters.
The gnoll hits you with a +0 whip of electrocution.
You die...

####
...#####
#.....####
#........#
#.@g.....#
#.##.....#
#. .....#
#. .w>..#
.. .....#
.. .#...#
#.. .#...#
#.. .#...#


You could see a gnoll.

Vanquished Creatures
  4 dart slugs
  3 bats (D:1)
  3 endoplasms (D:1)
  A kobold (D:1)
  A frilled lizard (D:1)
  3 rats (D:1)
15 creatures vanquished.

Notes
Turn   | Place    | Note
-------+----------+-------------------------------------------
     0 | D:1      | 112233 the Demonspawn Conjurer began the quest for the Orb.
     0 | D:1      | Reached XP level 1. HP: 13/13 MP: 3/3
   246 | D:1      | Gained mutation: You are partially covered in slimy green
                  | scales. (AC +2) [demonic ancestry]
   246 | D:1      | Reached XP level 2. HP: 19/19 MP: 1/5
  1026 | D:3      | Slain by a gnoll

Illustrated notes

Levels and vault maps discovered:
D:1:      lightli_arrival_flooded_house, layout_basic, serial_forest,
          infiniplex_forest_clump_double, infiniplex_forest_lined_corner,
          infiniplex_forest_straight_2, infiniplex_forest_clump_long,
          infiniplex_forest_clump_medium, infiniplex_forest_lined_2,
          infiniplex_forest_zigzag_1, infiniplex_forest_straight_4,
          kennysheep_flooded_box, fountainhead, minmay_misc_feat_iff
D:2:      layout_basic
D:3:      layout_basic, nicolae_overflow_two_pavilions, uniq_ijyb

Skill      XL: |  1  2 |
---------------+-------+-----
Spellcasting   | 3 |  3.1
Dodging        | |  1.8
Stealth        | |  1.8
Conjurations   | |  4.0

Action                     || total
---------------------------++-------
  Melee: Unarmed           ||    11
   Cast: Magic Dart        ||    38
    Use: Potion            ||     1
 Armour: Robe              ||     8
  Dodge: Dodged            ||    10

Table legend: (Time is in decaauts)
 A = Elapsed time spent in this place.
 B = Non-inter-level travel time spent in this place.
 C = Inter-level travel time spent in this place.
 D = Time resting spent in this place.
 E = Time spent auto-exploring this place.
 F = Levels seen in this place.
 G = Mean time per level.
                   A        B        C        D        E       F      G
               +--------+--------+--------+--------+--------+-----+--------+
         Total |   1027 |    982 |     45 |      0 |    880 |   3 |  342.3 |
       Dungeon |   1027 |    982 |     45 |      0 |    880 |   3 |  342.3 |
               +--------+--------+--------+--------+--------+-----+--------+

Top non-repeatable levels by time:
     D:1: 906 daAuts
     D:2: 119 daAuts
     D:3: 1 daAuts
